 Dungeon Crawl Stone Soup version 0.32-a0-928-g1cae6b7ea0 (webtiles) character file.

Game seed: 1802405531862752905

666 Martiln the Sneak (level 7, 0/40 HPs)
             Began as a Deep Elf Brigand on Mar 29, 2024.
             Slain by Pikel
             ... wielding a +1 whip of flaming
              (1 damage)
             ... on level 4 of the Dungeon on Apr 12, 2024.
             The game lasted 00:39:29 (3920 turns).

Martiln the Sneak (Deep Elf Brigand)                Turns: 3920, Time: 00:39:30

Health: 0/40       AC:  7    Str:  8    XL:     7   Next: 31%
Magic:  9/9        EV: 12    Int: 16    God:
Gold:   198        SH:  0    Dex: 24    Spells: 6/6 levels left

rFire   + . .        a - +3 dagger
rCold   . . .        (no shield)
rNeg    . . .        m - +2 leather armour of Duck's Teeth {rF+ Regen+ Slay+2}
rPois   .            (no helmet)
rElec   .            c - +0 cloak
rCorr   .            (no gloves)
SInv    .            k - +0 pair of boots
Will    .....        (no amulet)
Stlth   ++++         i - +6 ring of dexterity
HPRegen 1.06/turn    (no ring)
MPRegen 0.11/turn

%: no passive effects
@: no status effects
A: no striking features
a: no special abilities


You were on level 4 of the Dungeon.
You visited 1 branch of the dungeon, and saw 4 of its levels.
You also visited: Sewer.

You collected 198 gold pieces.

Inventory:

Hand Weapons
 a - a +3 dagger (weapon)
 f - a +0 heavy sling
 h - a +0 orcbow
 q - a +0 short sword
 y - a +0 quarterstaff
Missiles
 d - 2 poisoned darts
 e - 3 curare-tipped darts
 g - 85 stones
 j - 5 boomerangs (quivered)
Armour
 b - a +0 robe
 c - a +0 cloak (worn)
 k - a +0 pair of boots (worn)
 m - the +2 leather armour of Duck's Teeth (worn) {rF+ Regen+ Slay+2}
   (You found it on level 2 of the Dungeon)

   Slay+2:    It affects your accuracy & damage with ranged weapons and melee
   (+2).
   rF+:       It protects you from fire.
   Regen+:    It increases your rate of health regeneration.
Magical Staves
 A - a staff of air
Jewellery
 i - a +6 ring of dexterity (left hand)
Scrolls
 l - a scroll of blinking
 n - a scroll of fear
 o - 6 scrolls of teleportation
 r - 3 scrolls of immolation
 t - a scroll of butterflies
 v - a scroll of revelation
 w - a scroll of poison {unknown}
 B - a scroll of identify
Potions
 p - 2 potions of curing
 s - a potion of might
 u - 2 potions of cancellation {unknown}
 x - a potion of mutation {unknown}
 z - 2 potions of enlightenment


   Skills:
 + Level 2.4 Fighting
 + Level 3.2 Short Blades
 + Level 4.7 Ranged Weapons
 + Level 4.1 Throwing
 + Level 1.8 Armour
 + Level 3.3 Dodging
 + Level 6.2 Stealth


You had 6 spell levels left.
You didn't know any spells.
Your spell library contained the following spells:

 Spells                   Type           Power      Damage    Failure   Level
 Inner Flame              Hex/Fire       0%         N/A       71%         3
 Irradiate                Conj/Alch      0%         3d11      100%        5
 Ignition                 Fire           0%         3d3       100%        8


Dungeon Overview and Level Annotations

Branches:
Dungeon (4/15)              Sewer (visited)
 Temple: D:4-7

Altars:
Gozag
Wu Jian

Shops:
D:4 (

Annotations:
D:4 Pikel


Message History

Pikel waves his whip at you.
Pikel hits you with a +1 whip of flaming!
Pikel burns you. The lemure barely misses you.
You hit the lemure.
The lemure is heavily wounded.
You hit the lemure.
The lemure is heavily wounded.
The lemure hits you. The lemure hits you but does no damage.
Pikel closely misses you.
You hit the lemure.
The lemure is severely wounded.
The lemure closely misses you. Pikel barely misses you.
The lemure closely misses you.
You hit the lemure.
The lemure is severely wounded.
The lemure hits you.
Pikel hits you with a +1 whip of flaming!
Pikel burns you. The lemure misses you.
You hit the lemure but do no damage.
The lemure is severely wounded.
The lemure barely misses you. The lemure closely misses you.
Pikel hits you with a +1 whip of flaming.
Pikel burns you.
You hit the lemure.
The lemure is almost dead.
You puncture the lemure!
You kill the lemure!
That felt strangely unrewarding.
The lemure hits you but does no damage.
Pikel hits you with a +1 whip of flaming.
* * * LOW HITPOINT WARNING * * *
Pikel burns you.
* * * LOW HITPOINT WARNING * * *
The lemure attacks as it pursues you! The lemure hits you.
* * * LOW HITPOINT WARNING * * *
You hit Pikel but do no damage.
Pikel hits you with a +1 whip of flaming.
* * * LOW HITPOINT WARNING * * *
Pikel burns you.
You die...
Pikel says, "See you in Hell!"

.'.._..'..'...##
#.#######
.#.....#..#.#..##
#. ###
.#'###'#..#.##..##
.. #.. .#.....#..#
###..# #. #.#
#'##'##'##' ##.# ..
.... ....#.... #.
#.# .. ...#.#
)...#.^... #.# ##.#
#'##'##+### #.## .
#.......# #@K##
###.##### ##5.# #.#
##o#
#.##############5.#
##
#.....#.........s##
#..
#####...########.#
#.. ##.### .# #..
###..### .# ##..
#.†....# .. #...


You could see Pikel, 2 lemures and an orc.

Vanquished Creatures
  Menkaure (D:4)
  A lemure (D:4)
  2 brain worms (Sewer)
  A scorpion (D:3)
  An orc wizard (D:4)
  17 adders
  8 river rats
  12 orcs
  6 bats
  4 endoplasms
  7 giant cockroaches
  4 goblins (D:2)
  6 hobgoblins
  4 jackals (D:2)
  A quokka (D:3)
  15 ball pythons
  5 frilled lizards
  7 kobolds
  13 rats
115 creatures vanquished.

Notes
Turn   | Place    | Note
-------+----------+-------------------------------------------
     0 | D:1      | Martiln the Deep Elf Brigand began the quest for the Orb.
     0 | D:1      | Reached XP level 1. HP: 12/12 MP: 3/3
   509 | D:1      | Reached skill level 5 in Stealth
   568 | D:1      | Reached XP level 2. HP: 16/16 MP: 4/4
  1537 | D:2      | Reached XP level 3. HP: 20/20 MP: 5/5
  1629 | D:2      | Identified the +2 leather armour of Duck's Teeth {rF+
                  | Regen+ Slay+2}
  1867 | D:2      | Reached skill level 1 in Ranged Weapons
  1887 | D:2      | Reached XP level 4. HP: 26/26 MP: 6/6
  2158 | D:3      | Upgraded the game from 0.32-a0-871-ge202e49faa to
                  | 0.32-a0-928-g1cae6b7ea0
  2250 | D:3      | Noticed a scorpion
  2261 | D:3      | Killed a scorpion
  2262 | D:3      | Reached XP level 5. HP: 14/30 MP: 7/7
  2361 | D:3      | Found a glowing drain.
  2395 | Sewer    | Entered a sewer
  2420 | Sewer    | Reached skill level 6 in Stealth
  2716 | Sewer    | Reached XP level 6. HP: 34/35 MP: 8/8
  2863 | Sewer    | Reached skill level 1 in Armour
  2959 | Sewer    | Identified the +9 sling of Regicide {heavy, rC++}
  3641 | D:4      | Noticed Menkaure
  3647 | D:4      | Killed Menkaure
  3648 | D:4      | Reached XP level 7. HP: 31/40 MP: 9/9
  3735 | D:4      | Found Sioploc's Antique Weapon Shop.
  3815 | D:4      | Found an opulent altar of Gozag.
  3866 | D:4      | Found an ornate altar of the Wu Jian Council.
  3899 | D:4      | Noticed Pikel
  3920 | D:4      | HP: 1/40 [Pikel/+1 whip of flaming (6)]
  3920 | D:4      | Slain by Pikel

Illustrated notes

Levels and vault maps discovered:
D:1:      wheals_arrival_linesprint, layout_loops_cross,
          serial_co_window_serial, co_window_cross_1, co_window_paths_b,
          co_window_paths_b, co_window_of_opportunity_a, co_window_corner_a,
          co_window_paths_a, co_window_corner_a, co_window_broadway_b,
          co_window_corner_b, co_window_cross_2, co_window_2corner,
          co_window_paths_c, co_window_paths_e, glass_columns_b,
          glass_columns_a, glass_columns_a, minmay_pentomino_q2
D:2:      layout_rooms, minmay_snake_closets
D:3:      layout_basic, portal_sewer_entry_c
D:4:      minmay_angry_zag, layout_rooms, grunt_qazlal_clouds,
          mainiacjoe_overflow_24_doors, kennysheep_mini, serial_shops, shop,
          minmay_misc_feat_square, minmay_cupped, uniq_pikel, uniq_menkaure

Skill      XL: |  1  2  3  4  5  6 |
---------------+-------------------+-----
Stealth        | 5 6 |  6.2
Dodging        | 2 3 |  3.3
Ranged Weapons | 1 4 |  4.7
Fighting       | 2 |  2.4
Throwing       | 4 |  4.1
Armour         | 1 |  1.8
Short Blades   | 3 |  3.2

Action                     |  1- 3 |  4- 6 |  7- 9 || total
---------------------------+-------+-------+-------++-------
  Melee: Dagger            |    32 |   157 |    48 ||   237
   Fire: Sling             |    73 |    34 |       ||   107
  Throw: Dart              |    20 |    54 |     8 ||    82
         Boomerang         |       |       |     7 ||     7
    Use: Potion            |     4 |       |       ||     4
         Scroll            |     3 |     8 |       ||    11
   Stab: Sleeping          |     1 |     1 |     1 ||     3
 Armour: Robe              |    56 |       |       ||    56
         Leather armour    |    12 |   100 |    34 ||   146
  Dodge: Dodged            |    74 |    78 |    25 ||   177

Table legend: (Time is in decaauts)
 A = Elapsed time spent in this place.
 B = Non-inter-level travel time spent in this place.
 C = Inter-level travel time spent in this place.
 D = Time resting spent in this place.
 E = Time spent auto-exploring this place.
 F = Levels seen in this place.
 G = Mean time per level.
                   A        B        C        D        E       F      G
               +--------+--------+--------+--------+--------+-----+--------+
         Total |   3978 |   3136 |    842 |    274 |   1497 |   5 |  795.6 |
       Dungeon |   3289 |   2447 |    842 |    168 |   1439 |   4 |  822.2 |
         Sewer |    688 |    688 |      0 |    106 |     58 |   1 |  688.0 |
               +--------+--------+--------+--------+--------+-----+--------+

Top non-repeatable levels by time:
     D:1: 1357 daAuts
     D:3: 826 daAuts
     D:2: 765 daAuts
   Sewer: 688 daAuts
     D:4: 340 daAuts
